 Dungeon Crawl Stone Soup version 0.16.2-12-gd0ad4c3 (webtiles) character file.

66 faibistes the Magician (level 3, -2/19 HPs)
             Began as a Deep Elf Wizard on Jan 8, 2019.
             Slain by a phantom (3 damage)
             ... on level 4 of the Dungeon.
             The game lasted 00:05:58 (2330 turns).

faibistes the Magician (Deep Elf Wizard)            Turns: 2330, Time: 00:05:58

Health: -2/19      AC:  2    Str:  9    XL:     3   Next: 96%
Magic:  3/14       EV: 13    Int: 23    God:
Gold:   169        SH:  0    Dex: 13    Spells: 5 memorised, 1 level left

rFire  . . .     SeeInvis .     t - +2 dagger (venom)
rCold  . . .     Clarity  .     a - +0 robe
rNeg   . . .     SustAb   .     (no shield)
rPois  .         Gourm    .     b - +0 hat
rElec  .         Spirit   .     (no cloak)
rCorr  .         Warding  .     (no gloves)
rMut   .         Stasis   .     (no boots)
MR     .....                    (no amulet)
Stlth  ++........               (no ring)
                                p - +2 ring of slaying

@: mighty, very slightly contaminated, not resistant to hostile enchantments,
unstealthy
A: no striking features
a: no special abilities


You were on level 4 of the Dungeon.
You were not hungry.

You visited 1 branch of the dungeon, and saw 4 of its levels.

You collected 169 gold pieces.

Inventory:

Hand weapons
 g - a +0 dagger
 h - a +0 short sword
 l - a +0 dagger
 t - a +2 dagger of venom (weapon)
Armour
 a - a +0 robe (worn)
 b - a +0 hat (worn)
Jewellery
 p - a +2 ring of slaying (left hand)
Scrolls
 e - 2 scrolls of identify {unknown}
 m - 4 scrolls of remove curse
 n - a scroll of enchant weapon {unknown}
 o - 2 scrolls of teleportation {unknown}
 q - a scroll of random uselessness {unknown}
Potions
 r - a potion of resistance {unknown}
 s - a potion of mutation {unknown}
Books
 c - a book of Minor Magic

   Spells                             Type                      Level
   a - Magic Dart                     Conjuration                  1
   b - Blink                          Translocation                2
   c - Call Imp                       Summoning                    2
   d - Repel Missiles                 Charms/Air                   2
   e - Slow                           Hexes                        2
   f - Conjure Flame                  Conjuration/Fire             3
   g - Mephitic Cloud                 Conjuration/Poison/Air       3
Comestibles
 d - a bread ration
 f - 2 meat rations
 k - a slice of pizza


   Skills:
 + Level 3.1 Dodging
 - Level 2.4 Stealth
 * Level 5.4 Spellcasting
 * Level 2.8 Conjurations
 - Level 1.1 Summonings
 - Level 1.1 Translocations


You had one spell level left.
You knew the following spells:

 Your Spells              Type           Power        Failure   Level  Hunger
a - Magic Dart            Conj           ###.         2%          1    None
b - Conjure Flame         Conj/Fire      ##......     17%         3    ##.....
c - Call Imp              Summ           ##......     12%         2    None
d - Blink                 Tloc           N/A          12%         2    None
e - Mephitic Cloud        Conj/Pois/Air  ##......     21%         3    ##.....


Dungeon Overview and Level Annotations

Branches:
Dungeon (4/15)
 Temple: D:4-7

Altars:


Message History

Casting: Call Imp
Confirm with . or Enter, or press ? or * to list all spells.
A beastly little devil appears in a puff of flame.
The giant gecko skeleton is engulfed in roaring flames.
You destroy the giant gecko skeleton!
The phantom hits you.
* * * LOW HITPOINT WARNING * * *
The worker ant closely misses your crimson imp.
The ooze closely misses your crimson imp.
Your crimson imp closely misses the phantom.
The ooze completely misses your crimson imp.
Your crimson imp blinks!
Your crimson imp closely misses the phantom.
Found a shiny ring mail.
Your crimson imp blinks!
Drink which item? (? for menu, Esc to quit)
It was a potion of might.
You feel very mighty all of a sudden. The phantom hits you.
You die...

... #.# #.# ..# #..
#.# # #.# .#
#######.##.#
#.#.#.#.#@#.#.#[#
.........W........
#.#.#.#.#.#.#.#.#.#
........J...........
..#.#.#.#.#5#.#.#.#
.............
#.#.#l#5#.#.#
...............
#.#.#.#.#.#.#.#


You could see a phantom, an ooze and 2 friendly crimson imps.

Vanquished Creatures
  An adder (D:2)
  4 giant geckos
  8 bats
  6 hobgoblins
  A quokka (D:2)
  3 giant cockroaches
  A giant gecko skeleton (D:4)
  A giant newt (D:2)
  9 goblins
  4 kobolds
  8 rats
46 creatures vanquished.

Vanquished Creatures (collateral kills)
  An adder (D:2)
1 creature vanquished.

Grand Total: 47 creatures vanquished

Notes
Turn   | Place    | Note
--------------------------------------------------------------
     0 | D:1      | faibistes, the Deep Elf Wizard, began the quest for the Orb.
     0 | D:1      | Reached XP level 1. HP: 10/10 MP: 6/6
   377 | D:1      | Reached XP level 2. HP: 15/15 MP: 8/10
   397 | D:1      | Learned a level 2 spell: Blink
   400 | D:1      | Learned a level 2 spell: Call Imp
  1507 | D:2      | Reached skill level 5 in Spellcasting
  1507 | D:2      | Reached XP level 3. HP: 19/19 MP: 8/14
  1512 | D:2      | Learned a level 3 spell: Conjure Flame
  1516 | D:2      | Learned a level 3 spell: Mephitic Cloud
  1930 | D:2      | Noticed an ogre
  2312 | D:4      | Noticed a phantom
  2330 | D:4      | Slain by a phantom

Action                   || total
-------------------------++-------
Melee: Dagger            ||     5
 Cast: Magic Dart        ||    87
       Call Imp          ||     4
       Conjure Flame     ||     1
       Mephitic Cloud    ||     1
  Use: Scroll            ||     1
       Potion            ||     1
  Eat: Chunk             ||     4
